Map: Lerilak Crest

Players

LilDicky - Winner!

  • Race: Protoss Protoss
  • League: Diamond

Ryzu

  • Race: Terran Terran
  • League: Gold

VOD

http://www.twitch.tv/tumescentpie

Description

Time

  • Played on: Dec. 17, 2015, 9:08 p.m.
  • Length: 12:52
Show
View Real Time Build Order
Export as new Build Order

LilDicky Protoss - Winner!

Build Orders: Oracle Opening 

Get SALT Encoding   

  12  0:05  Probe (Chrono Boost)  
  13  0:15  Probe (Chrono Boost)  
  13  0:21  Pylon  
  14  0:26  Probe (Chrono Boost)  
  15  0:41  Gateway  
  15  0:45  Assimilator  
  15  0:47  Probe (Chrono Boost)  
  16  0:52  Assimilator  
  16  1:10  Probe (Chrono Boost)  
  17  1:20  Probe (Chrono Boost)  
  18  1:38  Probe (Chrono Boost)  
  19  1:44  Pylon  
  19  1:48  Cybernetics Core  
  20  2:08  Probe (Chrono Boost)  
  20  2:25  Stargate  
  20  2:37  Stalker (Chrono Boost), Pylon  
  20  2:40  Warp Gate (Chrono Boost)  
  21  2:49  Mothership Core  
  23  3:05  Gateway  
  23  3:12  Gateway  
  20  3:29  Oracle (Chrono Boost)  
  23  3:40  Pylon  
  23  3:41  Probe  
  24  3:53  Probe  
  24  4:29  Void Ray (Chrono Boost)  
  27  5:19  Stalker  
  29  5:23  Void Ray (Chrono Boost)  
  33  5:37  Pylon  
  33  6:00  Void Ray (Chrono Boost)  
  37  6:16  Stalker  
  39  6:37  Void Ray (Chrono Boost)  
  43  6:54  Stalker x2  
  43  7:00  Pylon  
  35  7:37  Pylon  
  35  7:38  Void Ray (Chrono Boost)  
  39  8:12  Stalker x3  
  45  9:34  Fleet Beacon  
  45  9:41  Void Ray (Chrono Boost)  
  47  10:09  Stalker x2  
  47  10:10  Stalker  
  53  10:39  Tempest (Chrono Boost)  
  53  11:08  Stalker x2  
  53  12:32  Pylon  
  53  12:36  Pylon  
  53  12:37  Pylon  
  53  12:39  Pylon  
  53  12:40  Pylon  
  53  12:42  Pylon  
  53  12:44  Pylon  
Show
View Real Time Build Order
Export as new Build Order

Ryzu Terran 

Build Orders: Reaper Expand 

Get SALT Encoding   

  12  0:01  SCV  
  13  0:13  SCV  
  14  0:22  Supply Depot  
  14  0:25  SCV  
  15  0:42  Refinery  
  15  0:46  SCV, Barracks  
  16  0:58  SCV  
  17  1:10  SCV  
  18  1:22  SCV  
  19  1:33  Reaper  
  19  1:39  Command Center  
  20  1:45  Orbital Command  
  20  1:54  Supply Depot  
  20  2:03  Refinery  
  20  2:13  SCV, Barracks Reactor  
  21  2:25  SCV  
  22  2:37  SCV  
  23  2:49  SCV  
  24  2:52  Reaper x2  
  25  3:01  SCV  
  25  3:02  Factory  
  26  3:13  SCV  
  26  3:14  SCV  
  28  3:25  SCV  
  28  3:26  SCV  
  30  3:37  SCV  
  30  3:38  SCV  
  32  3:49  SCV  
  32  3:50  SCV  
  32  3:53  Starport  
  34  4:01  SCV  
  34  4:02  SCV  
  36  4:07  Command Center, Hellion x2  
  40  4:11  Supply Depot  
  40  4:13  Supply Depot  
  40  4:14  SCV x2  
  41  4:19  Marine  
  42  4:28  Hellion, Engineering Bay  
  44  4:37  Marine  
  45  4:42  Starport Reactor  
  42  4:56  SCV x2  
  42  4:58  Missile Turret  
  42  4:59  Missile Turret  
  44  5:05  Liberator x2  
  44  5:18  Planetary Fortress  
  49  5:30  Missile Turret  
  49  5:32  Missile Turret  
  48  5:35  Missile Turret  
  48  5:38  Missile Turret  
  48  5:44  Marine x2  
  38  7:05  Barracks  
  38  7:07  Barracks  
  38  7:11  Missile Turret x2  
  38  7:14  Missile Turret  
  35  7:31  Missile Turret  
  27  7:48  Barracks  
  27  7:50  Barracks  
  21  8:12  Marine x2  
  23  8:19  Refinery  
  23  8:23  SCV  
  24  8:29  Marine  
  24  8:30  Marine  
  26  8:35  SCV, Marine  
  26  8:38  Command Center  
  28  8:47  SCV, Marine x2  
  30  8:53  Marine  
  28  8:56  Marine x2  
  29  9:05  Marine x2  
  29  9:06  Bunker  
  26  9:11  Marine  
  26  9:14  Marine  
  29  9:23  Marine x2  
  28  9:31  Marine  
  27  9:41  Marine  
  27  9:43  Marine  
  28  9:49  Marine  
  28  9:59  Marine  
  25  10:01  Marine  
  24  10:07  Marine  
  17  10:16  Marine  
  17  10:25  Marine  
  17  10:34  Marine  
Tags
 
Add a new tag
Caveats
  • Supply blocks, unpowered buildings, or Contaminate may cause inaccurate times.
  • Supply counts are checked every 10 seconds.